 Dungeon Crawl Stone Soup version 0.25-a0-505-gae4569222e (webtiles) character file.

Game seed: 11351885242122492317, levelgen mode: deterministic

85 kae the Insei (level 4, -6/34 HPs)
             Began as a Demonspawn Gladiator on Feb 14, 2020.
             Killed by divine providence
             ... invoked by an orc priest
              (10 damage)
             ... on level 3 of the Dungeon.
             The game lasted 00:02:14 (2275 turns).

kae the Insei (Demonspawn Gladiator)                Turns: 2275, Time: 00:02:14

Health: -6/34      AC:  5    Str: 13 (14) XL:     4   Next: 25%
Magic:  4/4        EV: 13    Int:  8 (9)  God:
Gold:   56         SH:  0    Dex: 15 (16) Spells: 3/3 levels left

rFire    + . .     SeeInvis .     - Unarmed
rCold    + . .     Gourm    .   (no shield)
rNeg     . . .     Faith    .   a - +1 leather armour
rPois    +         Spirit   .   b - +0 helmet
rElec    +         Reflect  .   (no cloak)
rCorr    +         Harm     .   (no gloves)
MR       .....                  (no boots)
Stlth    +.........             (no amulet)
HPRegen  0.11/turn              (no ring)
MPRegen  0.09/turn              (no ring)

@: resistant, flying
A: powered by pain 1
a: no special abilities


You were on level 3 of the Dungeon.
You were not hungry.

You visited 1 branch of the dungeon, and saw 3 of its levels.

You collected 56 gold pieces.

Inventory:

Missiles
 c - 3 throwing nets (quivered)
Armour
 a - a +1 leather armour (worn)
 b - a +0 helmet (worn)
Jewellery
 h - an uncursed ring of wizardry {unknown}
 m - an uncursed ring of ice {unknown}
Scrolls
 g - a scroll of immolation {unknown}
 i - a scroll of enchant weapon
 k - a scroll of teleportation {unknown}
 n - 2 scrolls of identify {unknown}
Comestibles
 d - 3 rations
 f - 3 chunks of flesh


   Skills:
 + Level 2.9 Fighting
 - Level 1.7 Throwing
 - Level 3.0 Dodging
 * Level 3.9 Unarmed Combat


You had 3 spell levels left.
You didn't know any spells.
Your spell library was empty.

Dungeon Overview and Level Annotations

Branches:
Dungeon (3/15)

Altars:
Kikubaaqudgha
Nemelex Xobeh

Annotations:
D:3 exclusion: ogre


Innate Abilities, Weirdness & Mutations

You sometimes gain a little power by taking damage.


Message History

An orc priest comes into view. It is wielding a +0 mace.
You hit the orc priest.
The orc priest is almost dead.
The orc priest misses you.
You hit the orc priest but do no damage.
The orc priest is almost dead.
The orc priest barely misses you.
Okay, then.
It was a potion of resistance.
You feel protected.
The orc priest casts a cantrip, but nothing happens.
It was a potion of flight.
You feel very buoyant.
You fly up into the air.
The orc priest closely misses you.
The orc priest calls down the wrath of Beogh upon you.
Pain shoots through your body!
* * * LOW HITPOINT WARNING * * *
The orc priest invokes the aid of Beogh against you.
Beogh smites you!
You die...

# # .#. #.######.####
####### #.##oo.oo....
#
.......##.##.###<####
## ..........##o# #.
#.......# ##
####@#### #..))#
#.##.# #.##.# #.##.#
#.##.# #.##.# ####
#.##.# #..# #.##.#
#..#


You could see an orc priest.

Vanquished Creatures
  An orc priest (D:3)
  2 adders
  2 dart slugs
  4 orcs (D:3)
  3 giant cockroaches
  A hobgoblin (D:1)
  4 kobolds
  2 ball pythons
  4 bats
  3 frilled lizards
  A goblin (D:3)
  10 rats
37 creatures vanquished.

Notes
Turn   | Place    | Note
-------+----------+-------------------------------------------
     0 | D:1      | kae the Demonspawn Gladiator began the quest for the Orb.
     0 | D:1      | Reached XP level 1. HP: 16/16 MP: 1/1
   443 | D:1      | Gained mutation: You sometimes gain a little power by
                  | taking damage. [demonic ancestry]
   443 | D:1      | Reached XP level 2. HP: 17/22 MP: 2/2
  1002 | D:2      | Found an ancient bone altar of Kikubaaqudgha.
  1233 | D:2      | Reached XP level 3. HP: 18/28 MP: 3/3
  1609 | D:3      | Noticed an ogre
  1708 | D:3      | Found a sparkling altar of Nemelex Xobeh.
  2218 | D:3      | Reached XP level 4. HP: 28/34 MP: 4/4
  2275 | D:3      | Killed from afar by an orc priest

Levels and vault maps discovered:
D:1:      lightli_arrival_noodles, layout_loops_ring, st_stairs_14
D:2:      layout_basic, kiku_gazebo_pond_becter
D:3:      layout_loops_ring, nemelex_xobeh_ov_fountains_minmay, minitemple

Skill      XL: |  1  2 |
---------------+-------+-----
Unarmed Combat | 3 |  3.9
Dodging        | 3 |  3.0
Fighting       | |  2.9
Throwing       | |  1.7

Action                   |  1- 3 |  4- 6 || total
-------------------------+-------+-------++-------
Melee: Unarmed           |   156 |    11 ||   167
       Punch             |     3 |       ||     3
  Use: Scroll            |     3 |       ||     3
       Potion            |     2 |     2 ||     4
 Stab: Sleeping          |     4 |       ||     4
       Invisible         |     3 |       ||     3
  Eat: Chunk             |     2 |     2 ||     4
Armor: Leather armour    |    29 |     2 ||    31
Dodge: Dodged            |   103 |     7 ||   110

Table legend:
 A = Non-vault XP
 B = Vault XP
 C = Vault XP percentage of total XP
 D = Non-vault monster count
 E = Vault monster count
 F = Vault count percentage of total count
                 A         B        C        D         E       F
            +---------+---------+-------+---------+---------+-------
      Total |     122 |       0 |   0.0 |      37 |       0 |   0.0
            +---------+---------+-------+---------+---------+-------
        D:1 |      24 |       0 |   0.0 |      17 |       0 |   0.0
        D:2 |      31 |       0 |   0.0 |      12 |       0 |   0.0
        D:3 |      67 |       0 |   0.0 |       8 |       0 |   0.0
            +---------+---------+-------+---------+---------+-------
